 Dungeon Crawl Stone Soup version 0.29.1-12-g30fa7ad0bf (webtiles) character file.

Game seed: 3675071241621751570

860692 wingedge the Cruiserweight Champion (level 27, -1/330 HPs)
             Began as a Palentonga Transmuter on Jan 9, 2023.
             Was an Initiate of Gozag.
             Slain by a cacodemon (2 damage)
             ... summoned by Fuun
             ... on level 19 of a ziggurat on Jan 11, 2023.
             The game lasted 07:45:13 (80644 turns).

wingedge the Cruiserweight Champion (PaTm)         Turns: 80644, Time: 07:45:13

Health: -1/330     AC: 42    Str: 29    XL:     27
Magic:  29/46      EV: 23    Int: 26    God:    Gozag
Gold:   6460       SH:  0    Dex: 22    Spells: 4/56 levels left

rFire   + + +      SeeInvis +     - Unarmed
rCold   + + +      Faith    .   (no shield)
rNeg    + + .      Spirit   .   (body armour currently unavailable)
rPois   ∞          Reflect  .   E - +2 hat of Duzinwu {Harm +Inv rF++ Dex-4}
rElec   +          Harm     +   j - scarf {repulsion}
rCorr   +          Rampage  .   (gloves currently unavailable)
Will    ++++.                   (no barding)
Stlth   ++........              X - macabre finger necklace {rN+}
HPRegen 0.65/turn               J - ring "Heoc" {Contam rCorr Str+6 Int+4 Dex+7}
MPRegen 0.30/turn               O - ring "Oscha" {rF+ Will+ Str+4 Int+2}
                                a - ring of Foifos {Contam Fly rC++ Dex+2}

@: mighty, statue-form, resistant, liquefying, wereblooded, gold aura, flying,
slightly contaminated, hasted, studying 5 skills, slowed movement, repel
missiles, curled up, very slow
A: slow and powerful, torment resistance 1, boosted hp, large, rugged brown
scales 3, see invisible, deformed body, roll 1, armoured tail, reflexive curl,
agile 1, high MP 1, strong-willed 1, poison resistance, screaming 1
}: 6/15 runes: barnacled, slimy, silver, golden, abyssal, gossamer
a: Rolling Charge, End Transformation, Renounce Religion, Evoke Invisibility,
Potion Petition, Call Merchant, Bribe Branch


You were on level 19 of a ziggurat.
You worshipped Gozag.
Gozag was greatly pleased with you.
You were a living statue of rough stone.
You visited 13 branches of the dungeon, and saw 59 of its levels.
You visited the Abyss 2 times.
You visited 1 bazaar.
You visited 1 ziggurat, and saw 19 of its levels.
You also visited: Trove, Sewer and Wizlab.

You collected 40721 gold pieces.
You spent 7367 gold pieces at shops.
You paid 26894 gold pieces to Gozag.

Inventory:

Missiles
 L - 7 throwing nets
Armour
 j - a scarf of repulsion (worn)
 p - a +2 cloak of willpower
 A - a +2 pair of gloves of stealth (melded)
 B - the +3 buckler of the Shoals {rF+ Str+2}
   (You found it on level 1 of the Tomb of the Ancients)

   Str:       It affects your strength (+2).
   rF:        It protects you from fire.
 E - the +2 hat of Duzinwu (worn) {Harm +Inv rF++ Dex-4}
   (You found it on level 1 of the Vaults)

   Dex:       It affects your dexterity (-4).
   rF:        It greatly protects you from fire.
   +Inv:      It lets you turn invisible.
   Harm:      It increases damage dealt and taken.
 M - the +2 helmet of Snakes and Ladders {rPois rC- rCorr Slay+5}
   (You found it on level 11 of the Dungeon)

   Slay:      It affects your accuracy & damage with ranged weapons and melee
   (+5).
   rC:        It makes you vulnerable to cold.
   rPois:     It protects you from poison.
   rCorr:     It protects you from acid and corrosion.
 Q - the +1 robe of Vines (melded) {NoPotionHeal Regen++++}
   (You found it on level 3 of the Elven Halls)

   Its wearer cannot be healed by potions.
   Regen:     It increases your rate of health regeneration.
 U - the +4 barding of the Fisher (melded) {rC++ Regen+ rCorr Str-4 Dex+2}
   (You acquired it on level 3 of the Elven Halls)

   Str:       It affects your strength (-4).
   Dex:       It affects your dexterity (+2).
   rC:        It greatly protects you from cold.
   Regen:     It increases your rate of health regeneration.
   rCorr:     It protects you from acid and corrosion.
Magical Staves
 b - a staff of earth
Jewellery
 a - the ring of Foifos (on amulet) {Contam Fly rC++ Dex+2}
   (You took it off a vault guard on level 5 of the Vaults)

   [ring of flight]

   Dex:       It affects your dexterity (+2).
   rC:        It greatly protects you from cold.
   Fly:       It grants you flight.
   Contam:    It causes magical contamination when unequipped.
 l - the ring of Omudin {rN+++ Str+6 Int+10 Dex-2 Slay-3}
   (You found it on level 4 of the Realm of Zot)

   [ring of strength]

   Str:       It affects your strength (+6).
   Int:       It affects your intelligence (+10).
   Dex:       It affects your dexterity (-2).
   Slay:      It affects your accuracy & damage with ranged weapons and melee
   (-3).
   rN:        It renders you almost immune to negative energy.
 F - the ring "Sinuu" {rPois rF+ rCorr Slay+3 SInv}
   (You found it on level 11 of a ziggurat)

   [ring of see invisible]

   Slay:      It affects your accuracy & damage with ranged weapons and melee
   (+3).
   rF:        It protects you from fire.
   rPois:     It protects you from poison.
   SInv:      It lets you see invisible.
   rCorr:     It protects you from acid and corrosion.
 J - the ring "Heoc" (left fist) {Contam rCorr Str+6 Int+4 Dex+7}
   (You found it on level 14 of a ziggurat)

   [ring of strength]

   Str:       It affects your strength (+6).
   Int:       It affects your intelligence (+4).
   Dex:       It affects your dexterity (+7).
   Contam:    It causes magical contamination when unequipped.
   rCorr:     It protects you from acid and corrosion.
 O - the ring "Oscha" (right fist) {rF+ Will+ Str+4 Int+2}
   (You found it on level 3 of the Tomb of the Ancients)

   [ring of willpower]

   Str:       It affects your strength (+4).
   Int:       It affects your intelligence (+2).
   rF:        It protects you from fire.
   Will:      It increases your willpower.
 R - the ring "Belar" {rN+ Will+ Str-4 Int+2 Slay+3}
   (You found it on level 2 of the Shoals)

   [ring of willpower]

   Str:       It affects your strength (-4).
   Int:       It affects your intelligence (+2).
   Slay:      It affects your accuracy & damage with ranged weapons and melee
   (+3).
   rN:        It protects you from negative energy.
   Will:      It increases your willpower.
 X - the macabre finger necklace (around neck) {rN+}
   (You found it on level 5 of the Vaults)

   [amulet of nothing]

   It enables you to equip an extra ring.
   rN:        It protects you from negative energy.
Wands
 h - a wand of quicksilver (15)
 k - a wand of paralysis (38)
 r - a wand of flame (72)
 u - a wand of roots (68)
 S - a wand of digging (9)
Scrolls
 c - 13 scrolls of enchant weapon
 e - 8 scrolls of blinking
 g - 22 scrolls of fog
 i - 14 scrolls of magic mapping
 n - 30 scrolls of teleportation
 t - 7 scrolls of silence
 C - 3 scrolls of brand weapon
 I - 11 scrolls of enchant armour
 N - 17 scrolls of fear
 T - 9 scrolls of amnesia
Potions
 d - a potion of cancellation
 f - 15 potions of flight
 o - 2 potions of heal wounds
 q - 5 potions of magic
 s - 7 potions of resistance
 v - 13 potions of ambrosia
 w - 3 potions of invisibility
 D - 20 potions of curing
 G - 7 potions of might
 V - 11 potions of brilliance
 W - 25 potions of mutation
 Y - 3 potions of berserk rage
 Z - 3 potions of haste
Miscellaneous
 m - a box of beasts (inert)
 x - a condenser vane
 y - a phantom mirror (inert)
 z - a lightning rod (4/4)
 H - a phial of floods
 K - the horn of Geryon (inert)
 P - a tin of tremorstones (2/2)


   Skills:
 - Level 24.0 Fighting
 - Level 2.0 Armour
 - Level 18.0 Dodging
 O Level 27 Unarmed Combat
 - Level 15.0 Spellcasting
 - Level 8.0 Hexes
 - Level 16.0 Translocations
 - Level 18.0 Transmutations
 + Level 17.5 Ice Magic
 - Level 6.0 Air Magic
 - Level 20.0 Earth Magic
 - Level 13.2 Evocations


You had 4 spell levels left.
You knew the following spells:

 Your Spells              Type           Power      Damage    Failure   Level
a - Silence               Hex/Air        27%        N/A       4%          5
b - Wereblood             Tmut           85%        N/A       0%          2
c - Passage of Golubria   Tloc           80%        N/A       1%          4
d - Statue Form           Tmut/Erth      58%        N/A       1%          6
e - Leda's Liquefaction   Hex/Erth       37%        N/A       1%          4
f - Irradiate             Conj/Tmut      30%        3d21      1%          5
g - Ozocubu's Refrigerat  Ice            42%        4d16      1%          7
h - Blink                 Tloc           100%       N/A       0%          2
i - Manifold Assault      Tloc           80%        N/A       1%          5
j - Dispersal             Tloc           40%        N/A       1%          6
k - Yara's Violent Unrav  Hex/Tmut       36%        3d15      1%          5
l - Apportation           Tloc           100%       N/A       0%          1

Your spell library contained the following spells:

 Spells                   Type           Power      Damage    Failure   Level
 Beastly Appendage        Tmut           100%       N/A       0%          1
 Passwall                 Tmut/Erth      72%        N/A       0%          2
 Gell's Gravitas          Tloc           80%        N/A       0%          3
 Lesser Beckoning         Tloc           80%        N/A       0%          3
 Teleport Other           Tloc           80%        N/A       0%          3
 Petrify                  Tmut/Erth      87%        N/A       0%          4
 Shock                    Conj/Air       100%       1d9       1%          1
 Sting                    Tmut/Pois      100%       1d8       1%          1
 Ensorcelled Hibernation  Hex/Ice        100%       N/A       1%          2
 Poisonous Vapours        Pois/Air       70%        N/A       1%          2
 Static Discharge         Conj/Air       35%        3-8/arc   1%          2
 Dazzling Flash           Conj/Hex       80%        N/A       1%          3
 Ignite Poison            Fire/Tmut/Pois 50%        N/A       1%          3
 Inner Flame              Hex/Fire       40%        N/A       1%          3
 Portal Projectile        Hex/Tloc       100%       N/A       1%          3
 Spider Form              Tmut/Pois      61%        N/A       1%          3
 Stone Arrow              Conj/Erth      100%       3d13      1%          3
 Summon Guardian Golem    Hex/Summ       40%        N/A       1%          3
 Swiftness                Air            50%        N/A       1%          3
 Tukima's Dance           Hex            57%        N/A       1%          3
 Animate Armour           Summ/Erth      100%       N/A       1%          4
 Cause Fear               Hex            28%        N/A       1%          4
 Hailstorm                Conj/Ice       60%        3d13      1%          4
 Ice Form                 Ice/Tmut       84%        N/A       1%          4
 Iskenderun's Mystic Bla  Conj/Tloc      57%        2d12      1%          4
 Foxfire                  Conj/Fire      76%        2x1d7     2%          1
 Magic Dart               Conj           76%        1d6       2%          1
 Necrotise                Necr           76%        1d7       2%          1
 Summon Small Mammal      Summ           76%        N/A       2%          1
 Airstrike                Air            25%        2d(4-20)  2%          4
 Mephitic Cloud           Conj/Pois/Air  29%        N/A       3%          3
 Sublimation of Blood     Necr           19%        N/A       4%          2
 Anguish                  Hex/Necr       20%        N/A       5%          4
 Fulminant Prism          Conj/Hex       20%        3d13      5%          4
 Summon Lightning Spire   Summ/Air       35%        N/A       8%          4
 Call Canine Familiar     Summ           19%        N/A       9%          3
 Conjure Flame            Conj/Fire      19%        6-21      9%          3
 Vampiric Draining        Necr           19%        2d7       9%          3
 Dispel Undead            Necr           19%        3d11      26%         4
 Olgreb's Toxic Radiance  Pois           19%        N/A       26%         4
 Sticky Flame             Conj/Fire      19%        2d4       26%         4
 Blade Hands              Tmut           42%        N/A       1%          5
 Borgnjor's Vile Clutch   Necr/Erth      32%        N/A       1%          5
 Lee's Rapid Deconstruct  Erth           44%        3d22*     1%          5
 Metabolic Englaciation   Hex/Ice        36%        N/A       1%          5
 Dragon Form              Tmut           42%        N/A       1%          7
 Summon Forest            Summ/Tloc      28%        N/A       2%          5
 Freezing Cloud           Conj/Ice/Air   28%        6-21      3%          5
 Iron Shot                Conj/Erth      32%        9d7       7%          6
 Eringya's Noxious Bog    Tmut/Pois      30%        N/A       11%         6
 Summon Mana Viper        Hex/Summ       40%        N/A       14%         5
 Storm Form               Tmut/Air       35%        N/A       17%         7
 Lightning Bolt           Conj/Air       17%        1d32      22%         5
 Disjunction              Tloc           40%        N/A       26%         8
 Agony                    Necr           19%        N/A       58%         5
 Fireball                 Conj/Fire      9%         3d6       58%         5
 Iskenderun's Battlesphe  Conj           19%        2d7       58%         5
 Malign Gateway           Summ/Tloc      28%        N/A       65%         7
 Conjure Ball Lightning   Conj/Air       17%        3x3d6     77%         6
 Polar Vortex             Ice            42%        N/A       91%         9
 Lehudib's Crystal Spear  Conj/Erth      32%        10d8      96%         8
 Death Channel            Necr           9%         N/A       99%         6
 Starburst                Conj/Fire      9%         6d5       99%         6
 Summon Cactus Giant      Summ           9%         N/A       99%         6
 Necromutation            Tmut/Necr      30%        N/A       99%         8
 Haunt                    Necr/Summ      9%         N/A       100%        7
 Orb of Destruction       Conj           9%         9d6       100%        7
 Spellforged Servitor     Conj/Summ      9%         N/A       100%        7
 Summon Hydra             Summ           9%         N/A       100%        7
 Borgnjor's Revivificati  Necr           9%         N/A       100%        8
 Discord                  Hex            28%        N/A       100%        8
 Ignition                 Fire           9%         3d5       100%        8
 Infestation              Necr           9%         N/A       100%        8
 Maxwell's Capacitive Co  Air            25%        ∞         100%        8
 Summon Horrible Things   Summ           9%         N/A       100%        8
 Chain Lightning          Conj/Air       17%        3d23      100%        9
 Death's Door             Necr           9%         N/A       100%        9
 Dragon's Call            Summ           9%         N/A       100%        9
 Corpse Rot               Necr/Pois/Air  Unusable   N/A       N/A         4
 Animate Dead             Necr           Unusable   N/A       N/A         4
 Simulacrum               Ice/Necr       Unusable   N/A       N/A         6

Dungeon Overview and Level Annotations

Branches:
Dungeon (15/15)            Temple (0/1) D:4            Lair (5/5) D:9
 Shoals (4/4) Lair:2       Spider (4/4) Lair:2        Slime (5/5) Lair:4
    Orc (2/2) D:9             Elf (3/3) Orc:2        Vaults (5/5) D:13
  Crypt (3/3) Vaults:2       Tomb (3/3) Crypt:3      Depths (4/4) D:15
   Hell (visited)             Geh (0/7) Hell            Zot (5/5) Depths:4
  Sewer (visited)          WizLab (visited)
    Dis: Hell:1         Coc: Hell:1         Tar: Hell:1

Altars:
Ashenzari
Dithmenos
Gozag
Kikubaaqudgha
Makhleb
Nemelex Xobeh
Okawaru
Qazlal
Ru
Sif Muna
Trog
Uskayaw
Vehumet
Xom
Yredelemnul
Jiyva

Shops:
D:3 ?   D:6 =   D:11 (*   D:13 **!   Orc:2 ?*!?   Elf:1 :   Elf:3 *
Vaults:2 *   Vaults:4 =   Vaults:5 (   Zot:3 *   Depths:1 [*   Depths:3 ::=

Portals:
Hell: Depths:1 Depths:2 Depths:3 Depths:4
Abyss: Depths:3 Depths:4
Pandemonium: Depths:2 Depths:3
Ziggurat: Hell

Annotations:
D:10 2 runed translucent doors, cheesebisquit's ghost, novice MiBe


Innate Abilities, Weirdness & Mutations

You are a living statue of rough stone.
Your actions are slow, but your melee attacks are powerful.
You are resistant to unholy torment.
Your maximum health is greatly increased.
Your equipment is partially melded.
(You are completely covered in rugged brown scales. (AC +3, +7% HP))
You have supernaturally acute eyesight. (SInv)
Armour fits poorly on your strangely shaped body.
You can roll at nearby foes to attack.
You have a long armoured tail.
You curl defensively after being hit. (AC +7*)
You are agile. (Dex +4, Str/Int -1)
You have an increased reservoir of magic. (+10% MP)
You are strong-willed. (Will+)
Your system is resistant to poisons. (rPois)
You occasionally shout uncontrollably at your foes.


Message History

Dar Awor is distracted by your dazzling golden aura.
Ekhaixo snaps closed at you!!!
* * * LOW HITPOINT WARNING * * *
Ekhaixo freezes you.
* * * LOW HITPOINT WARNING * * *
The Killer Klown is engulfed in freezing vapours.
Zomniec is engulfed in freezing vapours.
Zomniec hits Zomniec!
Space warps around Zomniec.
The chaos spawn is distracted by your dazzling golden aura.
The Killer Klown blinks!
Wedomareym is engulfed in freezing vapours.
Wedomareym stings you!!
* * * LOW HITPOINT WARNING * * *
The Tzitzimitl calls on the powers of darkness!
The purple very ugly thing convulses!
The redback convulses!
The brown very ugly thing convulses!
The Killer Klown convulses! x3
The black bear convulses!
Your body is wracked with pain!
* * * LOW HITPOINT WARNING * * *
The shock serpent convulses!
The cyan very ugly thing convulses!
The Killer Klown convulses!
The Killer Klown blinks!
The tormentor calls on the powers of darkness!
The moth of wrath convulses!
The brown very ugly thing convulses! x2
The redback convulses!
The Killer Klown convulses!
The purple very ugly thing convulses!
Your body is wracked with pain!
* * * LOW HITPOINT WARNING * * *
The black bear convulses!
The shock serpent convulses!
The cyan very ugly thing convulses!
The Killer Klown convulses! x5
The shock serpent's electric aura discharges, shocking the tormentor!
Fuun pecks you!!
* * * LOW HITPOINT WARNING * * *
Zomniec is engulfed in freezing vapours.
Zomniec barely misses Zomniec.
The moth of wrath is distracted by your dazzling golden aura.
Ekhaixo misses you.
Zomniec is engulfed in freezing vapours.
Zomniec becomes momentarily stuck in the liquid earth.
The cacodemon is engulfed in freezing vapours.
The cacodemon hits you.
You die...
Your body crumbles into a pile of gold.

▓.......................
▓...............pp......
▓∩............☼.........
▓.............§○§....§.....p&
▓.............○&☼...u1.1...2
▓...........#.○&☼...#t..ut. $
▓...........##☼○°.2##...k&.
▓.............°$2uyu&...p.k
▓.............&8&pt4s§h.&&t
▓▓▓▓▓▓▓▓▓▓....u&&2tS..$▓
▓.....p°§&....▓
▓............p▓
▓........p....▓
▓.............▓
▓▓▓▓▓▓▓▓▓▓▓▓▓▓▓


You could see Behia (clouds, struggling), Dar Awor (unaware), Ekhaixo, Fuun,
Wedomareym, Wullucep (invisible), Zomniec (clouds, misshapen, struggling, ally
target), 6 Killer Klowns, a Tzitzimitl, 4 very ugly things, a cacodemon
(summoned), a shadow demon (summoned, struggling), a shock serpent shaped
shifter (struggling), 2 apocalypse crabs, a moth of wrath shaped shifter
(unaware), a tormentor (summoned, struggling), a chaos spawn (unaware,
struggling), a black bear shaped shifter, a redback (struggling) and the
friendly Zomniec (summoned, clouds, misshapen, drained, struggling).

Vanquished Creatures
  the Royal Jelly (Slime:5)
  5 dread liches
  6 orbs of fire
  7 ancient liches
  Mara (Spider:3)
  A pandemonium lord (Zig:19)
  The ghost of Gupaxyh the Wrestler, a veteran TrCA of Jiyva (Zot:4)
  Sojobo (Vaults:3)
  16 royal mummies
  Parghit (Depths:3)
  Frederick (Vaults:3)
  Vv (Zot:2)
  8 Killer Klowns
  A curse toe (Zot:5)
  Nikola (Vaults:3)
  Geryon (Hell)
  8 golden dragons
  Jory (Vaults:5)
  4 caustic shrikes (Depths:4)
  2 bone dragons
  3 Brimstone Fiends (Zig:15)
  A hellephant (Zig:15)
  4 electric golems
  A shard shrike skeleton (Crypt:3)
  22 tentacled monstrosities
  A walking crystal tome (Depths:3)
  A walking earthen tome (Depths:3)
  6 Ice Fiends (Zig:12)
  6 searing wretches (Zig:15)
  11 liches
  Mlioglotl (Shoals:3)
  25 Orb Guardians (Zot:5)
  A walking divine tome (Depths:3)
  4 titans
  23 acid blobs
  2 tentacled starspawn (Abyss:4)
  10 sphinxes
  2 quicksilver dragons (shapeshifter)
  2 deep elf master archers (Elf:3)
  4 deep elf blademasters
  A walking frostbound tome (Depths:3)
  Murray (Hell)
  5 quicksilver dragons
  13 ancient champions
  10 death cobs
  15 storm dragons
  4 thorn hunters (Zig:17)
  11 tengu reavers
  5 nagarajas (Zig:16)
  A shadow dragon (shapeshifter) (Zig:10)
  17 shadow dragons
  11 draconian monks
  15 revenants
  22 frost giants
  13 azure jellies
  13 rockslimes
  10 draconian knights
  6 emperor scorpions
  7 fire giants
  The ghost of warriortoast the Unseen, an adept SpHu of Fedhas (Spider:3)
  6 balrugs
  2 narguns (Zig:12)
  7 vault wardens
  8 deep elf sorcerers (Elf:3)
  A frost giant (shapeshifter) (Zig:10)
  11 draconian scorchers
  8 ghost moths
  7 draconian shifters
  An iron dragon (Depths:3)
  2 orc warlords (Vaults:1)
  4 reapers
  3 deep elf elementalists (Elf:3)
  4 ghouls
  Aizul (Shoals:4)
  9 curse skulls
  2 juggernaut zombies
  20 ironbound preservers
  13 draconian annihilators
  A spriggan defender (Depths:2)
  4 broodmothers
  6 war gargoyles
  13 draconian stormcallers
  44 very ugly things
  8 quicksilver oozes
  A juggernaut skeleton (Hell)
  7 ironbound thunderhulks
  18 stone giants
  A lorocyproca (Hell)
  16 green draconians
  5 deep elf demonologists
  20 purple draconians
  6 bennus
  15 vampire knights
  19 black draconians
  10 deep elf annihilators
  2 bunyips (Zig:17)
  5 entropy weavers
  3 wendigos (Zig:12)
  The ghost of retardedninja the Blocker, a journeyman MiFi of Gozag (D:13)
  23 red draconians
  8 white draconians
  12 dire elephants
  19 spark wasps
  17 yellow draconians
  4 crystal guardians
  2 orange crystal statues
  3 blizzard demons
  An eidolon (Zig:14)
  14 merfolk impalers
  14 deep elf death magi
  13 ettins
  3 green deaths (Zig:17)
  22 mummy priests
  8 fire dragons
  5 jiangshi
  2 shambling mangroves
  3 deep elf high priests (Elf:3)
  4 merfolk javelineers
  6 great orbs of eyes
  13 yaktaur captains
  Josephine (D:10)
  2 quicksilver dragon skeletons
  3 spriggan zombies
  13 hydras
  Harold (D:11)
  13 boulder beetles
  5 salamander tyrants (Zig:16)
  The ghost of Xuta the Peltast, a journeyman FoFi of Okawaru (D:13)
  A jorogumo (Zig:6)
  33 vault guards
  2 radroaches
  9 ice dragons
  5 spriggan air magi
  A ghost crab (Zig:17)
  4 ironbound frosthearts
  8 rakshasas
  A jorogumo (shapeshifter) (Depths:4)
  3 anacondas (Zig:16)
  4 ogre magi
  6 centaur warriors
  2 catoblepae
  3 peacekeepers
  An anaconda (shapeshifter) (Zig:10)
  3 spriggan skeletons
  2 alligator snapping turtles
  5 merfolk avatars
  4 satyrs
  34 dancing weapons
  13 two-headed ogres
  5 deep troll shamans
  7 death yaks
  3 hell hogs
  A death knight (Crypt:1)
  5 merfolk aquamancers
  A titan zombie (Crypt:1)
  68 death scarabs
  6 tengu warriors
  4 thrashing horrors (Abyss:4)
  14 vampire magi
  5 orc high priests (Orc:2)
  6 spriggan berserkers
  A naga sharpshooter (Zig:16)
  5 deep troll earth magi
  22 deep elf knights
  9 soul eaters
  Sonja (D:11)
  14 sun demons (Hell)
  A fire crab (Zig:2)
  11 shock serpents
  A titan skeleton (Tomb:3)
  2 spriggans
  A spectral death yak (Lair:5)
  A goliath frog (Zig:17)
  43 skeletal warriors
  12 sea snakes
  A storm dragon zombie (Hell)
  A salamander mystic (Zig:16)
  5 shadow wraiths
  2 bunyip zombies
  A spriggan druid (Zig:17)
  3 iron trolls
  4 sixfirhies
  4 sun moths
  3 anaconda zombies
  7 flayed ghosts
  8 glowing orange brains
  8 pharaoh ants
  62 deep trolls
  A shadow demon (Depths:2)
  12 orb spiders
  7 steelbarb worms
  13 wizards
  An entropy weaver zombie (Crypt:2)
  A quicksilver dragon simulacrum (Tomb:3)
  3 swamp dragons (Zig:17)
  10 phantasmal warriors
  A shadow dragon zombie (Hell)
  4 anaconda skeletons
  An iron giant skeleton (Crypt:3)
  2 bog bodies (Zig:17)
  A lindwurm (shapeshifter) (Vaults:4)
  33 deep elf zephyrmancers
  2 naga ritualists
  5 lindwurms
  14 deep elf archers
  10 necromancers
  An obsidian statue (Lair:5)
  9 ironbound convokers
  2 sphinx zombies (Hell)
  6 orc knights
  35 deep elf pyromancers
  25 harpies
  An iron dragon zombie (Crypt:2)
  3 fire giant zombies (Hell)
  3 mana vipers
  A shadow dragon skeleton (Crypt:1)
  57 ugly things
  15 wolf spiders
  A wolf spider (shapeshifter) (Vaults:5)
  A frost giant zombie (Depths:1)
  A shining eye (shapeshifter) (Vaults:5)
  7 cyclopes
  16 fauns
  3 orc sorcerers (Orc:2)
  3 will-o-the-wisps
  2 stone giant zombies (Hell)
  2 shining eyes (Zig:9)
  26 moths of wrath
  17 manticores
  26 elephants
  A salamander (Zig:16)
  12 vault sentinels
  4 large abominations
  Maurice (D:10)
  5 rust devils
  7 worldbinders
  11 black mambas
  4 eyes of devastation
  3 ice statues (Zig:3)
  14 fire giant skeletons
  5 guardian serpents (Zig:16)
  3 naga magi
  3 molten gargoyles (Hell)
  A black mamba (shapeshifter) (Vaults:5)
  10 merfolk sirens
  4 gargoyles (Crypt:3)
  A torpor snail (shapeshifter) (Depths:2)
  An orange demon (Depths:3)
  15 cane toads
  An unseen horror (D:12)
  16 water nymphs
  An apocalypse crab (Zig:10)
  A dire elephant skeleton (Lair:5)
  6 torpor snails
  10 smoke demons
  8 demonic crawlers
  An alligator snapping turtle skeleton (Hell)
  A hellion (Hell)
  3 rime drakes
  5 kobold demonologists
  8 tengu conjurers
  2 ancient zymes (Abyss:4)
  18 yaktaurs
  An efreet (Abyss:4)
  6 komodo dragons
  45 guardian mummies
  3 freezing wraiths
  A hellwing (Depths:3)
  8 trolls
  2 tormentors
  5 red devils
  9 hornets
  A queen bee (shapeshifter) (Vaults:4)
  A meliai (Zig:6)
  A raiju (shapeshifter) (Vaults:5)
  5 wind drakes
  2 harpy skeletons
  2 harpy zombies (Crypt:3)
  31 merfolk
  A hydra skeleton (Crypt:3)
  A polar bear (Lair:1)
  A raiju (Zot:1)
  87 slime creatures
  A merfolk (shapeshifter) (Vaults:5)
  2 spectral elephants (Lair:5)
  7 snapping turtles
  33 tarantellas
  14 blink frogs
  7 dream sheep (Shoals:3)
  A fire dragon zombie (Tomb:1)
  An ettin skeleton (Crypt:1)
  A blink frog (shapeshifter) (Vaults:5)
  3 ettin zombies
  36 jumping spiders
  16 culicivoras
  11 air elementals
  A black mamba zombie (Crypt:3)
  14 flying skulls
  A naga simulacrum (Tomb:2)
  5 shadows
  2 ynoxinuls (Depths:3)
  3 vampires (Crypt:3)
  13 wraiths
  2 wyverns
  3 fire dragon skeletons (Crypt:3)
  Eustachio (D:6)
  22 water elementals
  3 basilisks
  41 yaks
  3 fire elementals
  A redback (shapeshifter) (Zig:10)
  8 golden eyes
  Grum (D:9)
  A neqoxec (Depths:3)
  16 ushabtiu
  12 vampire mosquitoes
  A steam dragon (shapeshifter) (Vaults:4)
  A black mamba skeleton (Tomb:1)
  2 chaos spawn
  Menkaure (D:5)
  A death yak simulacrum (Lair:5)
  2 naga zombies (Crypt:3)
  A spectral cane toad (Lair:5)
  A glowing orange brain zombie (Crypt:2)
  55 redbacks
  3 wargs
  A hell hound (Zig:2)
  2 acid dragons
  A naga (Zig:16)
  2 glowing shapeshifter zombies (Hell)
  2 two-headed ogre zombies
  A demonspawn zombie (Crypt:1)
  A faun zombie (Crypt:2)
  A merfolk skeleton (Crypt:2)
  20 water moccasins
  A floating eye (shapeshifter) (Vaults:5)
  2 glowing shapeshifter skeletons
  3 floating eyes (Depths:2)
  A floating eye zombie (Hell)
  15 orc warriors
  A swamp drake (Zig:17)
  A sky beast (D:8)
  A sky beast (shapeshifter) (Elf:2)
  4 black bears
  10 starcursed masses (Abyss:4)
  A spriggan simulacrum (Depths:1)
  2 ice beasts
  2 elephant zombies (Lair:5)
  11 wolves
  8 ogres
  8 centaurs
  An elephant skeleton (Lair:5)
  A swamp dragon skeleton (Crypt:2)
  10 kobold brigands
  2 small abominations (Abyss:4)
  2 phantoms
  11 bullfrogs
  3 necrophages
  Blork the orc (D:5)
  4 gnoll sergeants
  A glowing shapeshifter simulacrum (Vaults:1)
  A wyvern zombie (Crypt:1)
  3 earth elementals
  11 wights
  A water moccasin skeleton (Crypt:1)
  4 killer bees
  An elephant simulacrum (Lair:5)
  A troll skeleton (Crypt:2)
  3 howler monkeys
  11 electric eels
  6 jellies
  A hound (D:5)
  20 orc priests
  Crazy Yiuf (D:2)
  2 gnoll boudas
  3 iguanas
  Ijyb (D:5)
  26 orc wizards
  4 hell rats (Lair:4)
  5 lightning spires (Zot:1)
  An acid dragon zombie (Crypt:2)
  A naga skeleton (Crypt:1)
  41 mummies
  27 gnolls
  6 adders
  A shadow imp (D:6)
  A steam dragon skeleton (Crypt:1)
  2 white imps (D:6)
  4 ufetubi
  2 worms
  2 dart slugs
  49 orcs
  4 bats
  A bat zombie (Crypt:1)
  4 endoplasms
  A giant cockroach (D:3)
  13 goblins
  8 hobgoblins
  14 jackals
  33 kobolds
  6 quokkas
  17 ball pythons
  2 frilled lizards (D:2)
  8 rats
3058 creatures vanquished.

Vanquished Creatures (collateral kills)
  A Brimstone Fiend (Zig:15)
  A balrug (Zig:15)
  A vault warden (Vaults:5)
  A war gargoyle (Vaults:5)
  A stone giant (Vaults:5)
  An ettin (Vaults:5)
  A yaktaur (Vaults:5)
  A wyvern (shapeshifter) (Vaults:5)
8 creatures vanquished.

Vanquished Creatures (others)
  2 tentacled monstrosities (Vaults:5)
  A titan (Vaults:5)
  A sphinx (Vaults:5)
  4 tengu reavers (Vaults:5)
  A shadow dragon (Vaults:5)
  A nagaraja (Zig:16)
  2 fire giants
  A vault warden (Vaults:5)
  2 draconian shifters
  An ironbound preserver (Vaults:5)
  A stone giant (Vaults:5)
  A black draconian (Zot:1)
  2 deep elf death magi (Vaults:5)
  A shambling mangrove (Zig:17)
  2 yaktaur captains (Vaults:5)
  4 vault guards (Vaults:5)
  An anaconda (shapeshifter) (Vaults:5)
  A deep troll earth mage (Vaults:5)
  A spriggan druid (Zig:17)
  6 deep trolls (Vaults:5)
  A phantasmal warrior (Vaults:5)
  A vault sentinel (Vaults:5)
  A black mamba (Zig:16)
  A hornet (Zig:17)
  A slime creature (shapeshifter) (Vaults:5)
  A large abomination (Abyss:4)
  An ogre (Vaults:5)
  5 ball lightnings (Zot:1)
  2 foxfires (Zig:17)
  55 fungi
  129 plants
  41 withered plants
275 creatures vanquished.

Grand Total: 3341 creatures vanquished

Notes
Turn   | Place    | Note
-------+----------+-------------------------------------------
     0 | D:1      | wingedge the Palentonga Transmuter began the quest for the
                  | Orb.
     0 | D:1      | Reached XP level 1. HP: 16/16 MP: 3/3
    57 | D:1      | Reached XP level 2. HP: 12/22 MP: 3/5
   373 | D:1      | Learned a level 2 spell: Wereblood
   649 | D:1      | Reached XP level 3. HP: 28/28 MP: 4/6
   708 | D:1      | Found a faded altar of an unknown god.
  1378 | D:2      | Reached XP level 4. HP: 32/37 MP: 4/7
  1626 | D:2      | Found a runed translucent door.
  1627 | D:2      | Noticed Crazy Yiuf
  1634 | D:2      | Killed Crazy Yiuf
  1876 | D:3      | Found Tewona's Magic Scroll Shop.
  1881 | D:3      | Bought a scroll of identify for 24 gold pieces
  2186 | D:3      | Found an ancient bone altar of Kikubaaqudgha.
  2668 | D:3      | Reached XP level 5. HP: 43/43 MP: 6/8
  3142 | D:4      | Reached skill level 1 in Ice Magic
  3166 | D:4      | Noticed an ogre
  3171 | D:4      | Killed an ogre
  3227 | D:4      | Reached XP level 6. HP: 50/50 MP: 7/9
  3311 | D:4      | Found a staircase to the Ecumenical Temple.
  3334 | D:4      | Reached skill level 5 in Transmutations
  3494 | D:5      | Entered Level 5 of the Dungeon
  3538 | D:5      | Noticed Menkaure
  3542 | D:5      | Killed Menkaure
  3543 | D:5      | Gained mutation: You curl defensively after being hit. (AC
                  | +7*) [Palentonga growth]
  3543 | D:5      | Reached XP level 7. HP: 56/57 MP: 10/10
  3549 | D:5      | Found a burning altar of Makhleb.
  3616 | D:5      | Found a glowing drain.
  3622 | Sewer    | Entered a sewer
  3869 | D:5      | Noticed Blork the orc
  3877 | D:5      | Killed Blork the orc
  4295 | D:5      | Noticed Ijyb
  4296 | D:5      | Paralysed by Ijyb for 3 turns
  4302 | D:5      | Killed Ijyb
  4399 | D:5      | Found an iron altar of Okawaru.
  4410 | D:5      | Found a bloodstained altar of Trog.
  4533 | D:5      | Found an opulent altar of Gozag.
  4566 | D:5      | Became a worshipper of Gozag Ym Sagoz the Greedy
  4672 | D:5      | Reached XP level 8. HP: 50/64 MP: 7/12
  4849 | D:4      | Learned a level 4 spell: Ice Form
  4888 | D:4      | Reached skill level 1 in Evocations
  5088 | D:5      | Found a faded altar of an unknown god.
  5088 | D:5      | Found a shimmering blue altar of Sif Muna.
  5095 | D:5      | Found a shadowy altar of Dithmenos.
  5097 | D:5      | Found a faded altar of an unknown god.
  5099 | D:5      | Found a stormy altar of Qazlal.
  5298 | D:5      | Identified the +1 whip of the Protecting Sybil {flame, rN+}
  5537 | D:6      | Noticed Eustachio
  5549 | D:6      | Killed Eustachio
  5777 | D:6      | Reached skill level 5 in Ice Magic
  6188 | D:6      | Found a shimmering altar of Xom.
  6437 | D:6      | Found Viarhog's Jewellery Emporium.
  6442 | D:6      | Bought a +4 ring of protection for 396 gold pieces
  6696 | D:7      | Reached XP level 9. HP: 26/69 MP: 0/13
  7393 | D:7      | Found a broken altar of Ashenzari.
  7403 | D:7      | Identified the +7 sling of Courage {venom, Fly Str+4 SInv}
  7706 | D:8      | Reached skill level 1 in Armour
  7899 | D:8      | Reached skill level 4 in Unarmed Combat
  8059 | D:8      | Reached skill level 5 in Fighting
  8233 | D:8      | Noticed a cyclops
  8241 | D:8      | Killed a cyclops
  8790 | D:9      | Reached skill level 5 in Unarmed Combat
  8790 | D:9      | Reached XP level 10. HP: 81/81 MP: 7/14
  8874 | D:9      | Reached skill level 10 in Transmutations
  8878 | D:9      | Reached skill level 6 in Unarmed Combat
  8884 | D:9      | Noticed a cyclops
  8912 | D:9      | Killed a cyclops
  8913 | D:9      | Reached skill level 7 in Unarmed Combat
  9067 | D:9      | Noticed a four-headed hydra
  9081 | D:9      | Killed a four-headed hydra
  9082 | D:9      | Reached skill level 8 in Unarmed Combat
  9315 | D:9      | Reached skill level 9 in Unarmed Combat
  9353 | D:9      | Found a staircase to the Lair.
  9582 | D:9      | Noticed Grum
  9589 | D:9      | Killed Grum
  9742 | D:9      | Noticed a brown ugly thing
  9756 | D:9      | Killed a brown ugly thing
  9757 | D:9      | Reached skill level 10 in Unarmed Combat
  9757 | D:9      | Reached XP level 11. HP: 47/86 MP: 4/15
  9758 | D:9      | Noticed a wizard
  9767 | D:9      | Killed a wizard
 10358 | D:9      | Found a staircase to the Orcish Mines.
 10377 | D:9      | Noticed a boulder beetle
 10390 | D:9      | Killed a boulder beetle
 10641 | D:9      | Noticed a wizard
 10644 | D:9      | Killed a wizard
 10644 | D:9      | Noticed an ogre mage
 10648 | D:9      | Killed an ogre mage
 10747 | D:9      | Noticed a centaur warrior
 10751 | D:9      | Killed a centaur warrior
 10751 | D:9      | Noticed a boulder beetle
 10759 | D:9      | Killed a boulder beetle
 10878 | D:9      | Identified the ring of Dalyc {rN+ MP+9 Dex+6 SInv}
 10962 | D:10     | Entered Level 10 of the Dungeon
 10999 | D:10     | Noticed a lich
 10999 | D:10     | Noticed cheesebisquit's ghost (novice MiBe)
 10999 | D:10     | Noticed a skeletal warrior
 11000 | D:10     | Noticed a death drake
 11000 | D:10     | a guardian serpent changed into a death drake
 11001 | D:10     | Noticed a skeletal warrior
 11001 | D:10     | Noticed a necromancer
 11001 | D:10     | Noticed a frost giant
 11009 | D:10     | Noticed Maurice
 11024 | D:10     | Killed Maurice
 11053 | D:10     | Noticed Josephine
 11068 | D:10     | Killed Josephine
 11069 | D:10     | Reached skill level 11 in Unarmed Combat
 11442 | D:10     | Found a runed translucent door.
 11453 | D:10     | Found a runed translucent door.
 11641 | D:10     | Noticed a two-headed ogre
 11646 | D:10     | Killed a two-headed ogre
 12176 | D:10     | Noticed a shock serpent
 12176 | D:10     | a dream sheep changed into a shock serpent
 12243 | Lair:1   | Entered Level 1 of the Lair of Beasts
 12455 | Lair:1   | Reached XP level 12. HP: 100/100 MP: 14/18
 12617 | Lair:1   | Noticed a death yak
 12624 | Lair:1   | Noticed a death yak
 12625 | Lair:1   | Noticed a death yak
 12652 | Lair:1   | Noticed a death yak
 12662 | Lair:1   | Killed a death yak
 12669 | Lair:1   | Killed a death yak
 12670 | Lair:1   | Reached skill level 12 in Unarmed Combat
 12702 | Lair:1   | Killed a death yak
 12709 | Lair:1   | Killed a death yak
 13008 | Lair:1   | Noticed a boulder beetle
 13014 | Lair:1   | Killed a boulder beetle
 13199 | Lair:1   | Found an opulent altar of Gozag.
 14698 | Lair:2   | Found a hole to the Spider Nest.
 14893 | Lair:2   | Reached skill level 10 in Fighting
 14982 | Lair:2   | Found a staircase to the Shoals.
 15984 | Lair:3   | Reached skill level 13 in Unarmed Combat
 16310 | Lair:3   | Reached XP level 13. HP: 111/111 MP: 17/19
 16981 | Lair:3   | Identified the +6 whip of Laceration {flame, Drain MP+9
                  | Int-4 Stlth+}
 17802 | Lair:4   | Reached skill level 5 in Dodging
 18020 | Lair:4   | Found a viscous altar of Jiyva.
 18020 | Lair:4   | Found a staircase to the Slime Pits.
 18206 | Lair:5   | Entered Level 5 of the Lair of Beasts
 18514 | Lair:5   | Reached skill level 5 in Spellcasting
 19186 | Lair:5   | Noticed a dire elephant
 19186 | Lair:5   | Noticed a dire elephant
 19671 | Lair:5   | Identified the +4 robe of the Wasteland {+Inv rPois}
 20394 | Lair:5   | Reached XP level 14. HP: 110/120 MP: 14/23
 20943 | Lair:5   | Reached skill level 14 in Unarmed Combat
 21447 | Lair:5   | Identified the amulet "Usakhlig" {Will+ Regen+ Int-5
                  | Slay+3}
 21835 | Orc:1    | Entered Level 1 of the Orcish Mines
 22147 | Orc:2    | Entered Level 2 of the Orcish Mines
 22978 | Orc:2    | Found a staircase to the Elven Halls.
 23041 | Orc:2    | Found Negoxoasch's Magic Scroll Shoppe.
 23041 | Orc:2    | Found Qoyq's Distillery.
 23042 | Orc:2    | Found Zonucsoi's Magic Scroll Emporium.
 23053 | Orc:2    | Found Wuegilaaw's Assorted Antiques.
 23067 | Orc:2    | Bought a scroll of summoning for 161 gold pieces
 23068 | Orc:2    | Bought a potion of curing for 42 gold pieces
 23068 | Orc:2    | Bought a potion of mutation for 112 gold pieces
 23068 | Orc:2    | Bought a potion of ambrosia for 112 gold pieces
 23069 | Orc:2    | Bought a scroll of amnesia for 56 gold pieces
 23069 | Orc:2    | Bought a scroll of blinking for 105 gold pieces
 23069 | Orc:2    | Bought a scroll of identify for 28 gold pieces
 23069 | Orc:2    | Bought a scroll of identify for 28 gold pieces
 23069 | Orc:2    | Bought a scroll of fear for 56 gold pieces
 23069 | Orc:2    | Bought a scroll of identify for 28 gold pieces
 23069 | Orc:2    | Bought a scroll of fear for 56 gold pieces
 23073 | Orc:2    | Bought a potion of heal wounds for 200 gold pieces
 23074 | Orc:2    | Bought a scroll of noise for 17 gold pieces
 23074 | Orc:2    | Bought a scroll of identify for 34 gold pieces
 23074 | Orc:2    | Bought a scroll of identify for 34 gold pieces
 23074 | Orc:2    | Bought a scroll of identify for 34 gold pieces
 23074 | Orc:2    | Bought a scroll of fear for 68 gold pieces
 23076 | Orc:2    | Bought a potion of brilliance for 56 gold pieces
 23077 | Orc:2    | Identified a scroll of acquirement
 23079 | Orc:2    | Acquired 915 gold pieces
 24028 | D:11     | Found Gooqeuj's Weapon Shoppe.
 24114 | D:11     | Noticed Harold
 24128 | D:11     | Killed Harold
 24248 | D:11     | Identified the +2 helmet of Snakes and Ladders {rPois rC-
                  | rCorr Slay+5}
 24526 | D:11     | Noticed Sonja
 24532 | D:11     | Killed Sonja
 24533 | D:11     | Reached XP level 15. HP: 130/130 MP: 21/26
 24602 | D:11     | Bought an encrusted mace for 208 gold pieces
 24602 | D:11     | Identified the +4 mace of Expedience {protect, rF+ Dex+3}
                  | (You bought it in a shop on level 11 of the Dungeon)
 24602 | D:11     | Bought a potion of heal wounds for 130 gold pieces
 24684 | D:12     | Reached skill level 1 in Translocations
 24684 | D:12     | Reached skill level 1 in Air Magic
 26158 | D:13     | Found a gate to the Vaults.
 26161 | D:13     | Reached skill level 1 in Earth Magic
 26661 | D:13     | Found a runed translucent gate.
 26662 | D:13     | Found a runed translucent gate.
 26662 | D:13     | Found a runed translucent gate.
 26662 | D:13     | Noticed retardedninja's ghost (journeyman MiFi)
 26662 | D:13     | Noticed Xuta's ghost (journeyman FoFi)
 26685 | D:13     | Killed retardedninja's ghost
 26686 | D:13     | Reached skill level 15 in Unarmed Combat
 26688 | D:13     | Killed Xuta's ghost
 28082 | D:14     | Found a stormy altar of Qazlal.
 28634 | D:15     | Entered Level 15 of the Dungeon
 28675 | D:15     | Found a sparkling altar of Nemelex Xobeh.
 28945 | D:15     | Found a staircase to the Depths.
 29033 | D:15     | Learned a level 6 spell: Statue Form
 29696 | Spider:1 | Entered Level 1 of the Spider Nest
 29696 | Spider:1 | Noticed an emperor scorpion
 29717 | Lair:2   | Killed an emperor scorpion
 29718 | Lair:2   | Reached skill level 5 in Evocations
 29718 | Lair:2   | Reached XP level 16. HP: 36/140 MP: 22/28
 30190 | Spider:1 | Reached skill level 5 in Earth Magic
 31945 | Spider:2 | Reached skill level 16 in Unarmed Combat
 33372 | Spider:3 | Found a runed translucent door.
 33374 | Spider:3 | Noticed warriortoast's ghost (adept SpHu)
 33396 | Spider:3 | Killed warriortoast's ghost
 33675 | Spider:3 | Noticed Mara
 33679 | Spider:3 | Noticed wingedge's illusion
 33693 | Spider:3 | Killed Mara
 33694 | Spider:3 | Reached XP level 17. HP: 148/148 MP: 26/29
 33898 | Spider:4 | Entered Level 4 of the Spider Nest
 34378 | Spider:4 | Reached skill level 5 in Translocations
 34408 | Spider:4 | Reached skill level 10 in Earth Magic
 35156 | Spider:4 | Reached skill level 17 in Unarmed Combat
 35277 | Spider:4 | Identified the +2 hat of Entitlement {Dex+7 Slay+3}
 35336 | Spider:4 | Got a gossamer rune of Zot
 35551 | Shoals:1 | Entered Level 1 of the Shoals
 35744 | Shoals:1 | Reached skill level 18 in Unarmed Combat
 35891 | Shoals:1 | Learned a level 4 spell: Leda's Liquefaction
 36169 | Shoals:1 | Reached skill level 1 in Hexes
 36490 | Shoals:2 | Identified the ring "Belar" {rN+ Will+ Str-4 Int+2 Slay+3}
 36958 | Shoals:2 | Learned a level 5 spell: Lee's Rapid Deconstruction
 36987 | Shoals:2 | Reached XP level 18. HP: 156/156 MP: 25/31
 37533 | Shoals:3 | Reached skill level 19 in Unarmed Combat
 38072 | Shoals:3 | Noticed Mlioglotl
 38082 | Shoals:3 | Killed Mlioglotl
 38762 | Shoals:4 | Entered Level 4 of the Shoals
 38786 | Shoals:4 | Noticed Aizul
 38788 | Shoals:4 | Killed Aizul
 38825 | Shoals:4 | Paralysed by an air elemental for 1 turns
 38991 | Shoals:4 | Paralysed by an air elemental for 1 turns
 39320 | Shoals:4 | Got a barnacled rune of Zot
 39571 | Shoals:4 | Found a broken altar of Ashenzari.
 40006 | Vaults:1 | Entered Level 1 of the Vaults
 40394 | Vaults:1 | Reached XP level 19. HP: 163/163 MP: 25/32
 40681 | Vaults:1 | Reached skill level 10 in Dodging
 41443 | Vaults:1 | Identified the +2 robe of Kusuwon {Int+3}
 41463 | Vaults:1 | Found a radiant altar of Vehumet.
 41532 | Vaults:1 | Identified the +2 hat of Duzinwu {Harm +Inv rF++ Dex-4}
 41553 | Vaults:1 | Identified the +1 robe of Mezcal {rPois Int+4}
 41922 | Vaults:2 | Found Tyst's General Store.
 42044 | Vaults:2 | Found a staircase to the Crypt.
 42044 | Vaults:2 | Found a basalt altar of Yredelemnul.
 42044 | Vaults:2 | Found an ancient bone altar of Kikubaaqudgha.
 42156 | Vaults:2 | Reached skill level 15 in Fighting
 42807 | Vaults:2 | Found a transporter.
 42877 | Vaults:2 | Reached XP level 20. HP: 87/173 MP: 33/33
 42992 | Vaults:2 | Found a transporter.
 42999 | Vaults:2 | Learned a level 2 spell: Passwall
 43015 | Vaults:2 | Identified the ring "Has Jaes" {EV+4 Int+5 Slay+3}
 43025 | Vaults:2 | Identified the ring of Oenomania {rPois rN+ AC+4}
 43415 | Vaults:2 | You fall into a shaft and drop 2 floors!
 43443 | Vaults:4 | Reached skill level 20 in Unarmed Combat
 43461 | Vaults:4 | Reached skill level 10 in Spellcasting
 43705 | Vaults:4 | Identified the +3 ring mail "Vuuxad" {*Slow rF+ rC- Dex+8}
 43743 | Vaults:4 | Identified the ring "Niguoplo" {rN+ Str+6}
 43923 | Vaults:3 | Noticed Nikola
 43928 | Vaults:3 | Killed Nikola
 44033 | Vaults:3 | Reached skill level 15 in Transmutations
 44067 | Vaults:3 | Found a magical portal.
 44115 | WizLab   | Entered Wucad Mu's Monastery
 44271 | WizLab   | Found the +9 staff of Wucad Mu {*channel}
 44413 | WizLab   | Reached XP level 21. HP: 181/181 MP: 35/35
 45121 | Vaults:3 | Noticed Frederick
 45129 | Vaults:3 | Killed Frederick
 45196 | Vaults:3 | Noticed Sojobo
 45207 | Vaults:3 | Killed Sojobo
 45680 | Vaults:4 | Found Adakk's Jewellery Emporium.
 46211 | Vaults:4 | Reached skill level 21 in Unarmed Combat
 46448 | Vaults:4 | Reached XP level 22. HP: 190/190 MP: 30/36
 46702 | Crypt:1  | Entered Level 1 of the Crypt
 48661 | Crypt:3  | Entered Level 3 of the Crypt
 49082 | Crypt:3  | Identified the +7 great sword of Ficuxesy {vorpal, rN+ MP-9
                  | Str+4 Int+2}
 49769 | Crypt:3  | Noticed an ancient lich
 49777 | Crypt:3  | Killed an ancient lich
 49778 | Crypt:3  | Reached skill level 22 in Unarmed Combat
 49809 | Crypt:3  | Found a staircase to the Tomb.
 49921 | Crypt:3  | Found an ancient bone altar of Kikubaaqudgha.
 49980 | Crypt:3  | Noticed a dread lich
 49982 | Crypt:3  | Paralysed by a dread lich for 2 turns
 49985 | Crypt:3  | Killed a dread lich
 50006 | Crypt:3  | Got the Papyrus of Shapeshifting and Exhumation
 50669 | Elf:1    | Entered Level 1 of the Elven Halls
 50713 | Elf:1    | Bought an Inescapable Atlas for 544 gold pieces
 50713 | Elf:1    | Bought a manual of Earth Magic for 1280 gold pieces
 50716 | Elf:1    | Learned a level 2 spell: Blink
 50722 | Elf:1    | Learned a level 5 spell: Manifold Assault
 50737 | Elf:1    | Learned a level 6 spell: Dispersal
 51897 | Elf:2    | Reached XP level 23. HP: 200/200 MP: 16/37
 52077 | Elf:2    | Found a flickering gateway to a bazaar.
 52086 | Bazaar   | Entered a bazaar
 52086 | Bazaar   | Found Getiost's Antique Weapon Shoppe.
 52086 | Bazaar   | Found Docsuyvoif's Magic Scroll Emporium.
 52093 | Bazaar   | Found Ilabeas's Jewellery Shoppe.
 52109 | Bazaar   | Found Pymurghud's General Store.
 52527 | Elf:2    | Found a runed translucent gate.
 52529 | Elf:2    | Found a runed translucent gate.
 52544 | Elf:2    | Found a runed translucent gate.
 52802 | Elf:2    | Reached skill level 10 in Translocations
 53091 | Elf:3    | Entered Level 3 of the Elven Halls
 53298 | Elf:3    | Found Por Epha's Assorted Antiques.
 53303 | Elf:3    | Bought a scroll of acquirement for 1924 gold pieces
 53303 | Elf:3    | Acquired the +4 barding of the Fisher {rC++ Regen+ rCorr
                  | Str-4 Dex+2}
 54283 | Elf:3    | Identified the +2 scale mail of Somewhere Else {Rampage
                  | rPois}
 54412 | Elf:3    | Found the +10 Black Knight's barding {ponderous, rPois rN+}
 54481 | Elf:3    | Found the +1 robe of Vines {NoPotionHeal Regen++++}
 54815 | Slime:1  | Entered Level 1 of the Pits of Slime
 55384 | Slime:4  | Reached skill level 15 in Earth Magic
 56954 | Slime:5  | Entered Level 5 of the Pits of Slime
 56993 | Slime:5  | Noticed the Royal Jelly
 57013 | Slime:5  | Reached XP level 24. HP: 153/210 MP: 31/38
 57189 | Slime:5  | Killed the Royal Jelly
 57465 | Slime:5  | Got the Encyclopedia of Lethal Sculpting
 57472 | Slime:5  | Learned a level 5 spell: Yara's Violent Unravelling
 57478 | Slime:5  | Identified the amulet of Lucidity {Acrobat Int+3 SInv}
 57500 | Slime:5  | Identified the +8 sling of the Many Gods {vorpal, rCorr
                  | Str+4}
 57519 | Slime:5  | Got a slimy rune of Zot
 57524 | Slime:5  | Identified the +1 ring mail "Nagroxot" {+Blink rF- rC-
                  | Stlth+}
 57560 | Slime:5  | Identified the +1 scimitar of Integrity {vorpal, rC+ Int+2
                  | Stlth+}
 58220 | Vaults:5 | Entered Level 5 of the Vaults
 58220 | Vaults:5 | Noticed Jory
 58273 | Vaults:5 | Killed Jory
 58596 | Vaults:5 | Noticed an ancient lich
 58604 | Vaults:5 | Identified the ring of Foifos {Contam Fly rC++ Dex+2}
 58711 | Vaults:5 | Got a silver rune of Zot
 58875 | Vaults:5 | Identified the +5 rapier "Ituzos" {spect, rC+ Int+4}
 58880 | Vaults:5 | Found Nuan's Weapon Shoppe.
 59007 | Vaults:5 | Identified the +1 chain mail of Circular Logic {rF++
                  | Slay-5}
 59089 | Vaults:5 | Identified the +0 scimitar of Grace {pain, Stlth+}
 59283 | Vaults:5 | Found the macabre finger necklace {rN+}
 59483 | Vaults:5 | Found the +5 sword of Power {vorpal}
 59826 | Depths:1 | Entered Level 1 of the Depths
 59960 | Depths:1 | Found a sacrificial altar of Ru.
 60116 | Depths:1 | Found Tokha's General Store.
 60118 | Depths:1 | Found Nytergh's Armour Emporium.
 60137 | Depths:1 | Learned a level 5 spell: Silence
 60152 | Depths:1 | Found a gateway to Hell.
 60163 | Depths:1 | Reached skill level 23 in Unarmed Combat
 60222 | Depths:1 | Found a hide-covered altar of Uskayaw.
 60680 | Depths:2 | Identified the +0 cloak "Ocikk" {Rampage Stlth+}
 60764 | Depths:2 | Reached skill level 5 in Hexes
 60856 | Depths:2 | Reached XP level 25. HP: 219/219 MP: 37/39
 61385 | Depths:2 | Found a one-way gate leading to the halls of Pandemonium.
 61870 | Depths:3 | Found a one-way gate to the infinite horrors of the Abyss.
 61944 | Depths:3 | Voluntarily entered the Abyss.
 62245 | Abyss:4  | Paralysed by accursed screaming for 1 turns
 62278 | Abyss:4  | Got an abyssal rune of Zot
 62289 | Depths:3 | Escaped the Abyss
 62486 | Depths:3 | Reached skill level 5 in Air Magic
 62583 | Depths:3 | Noticed Parghit
 62599 | Depths:3 | Killed Parghit
 62738 | Depths:3 | Found a portal to a secret trove of treasure.
 63658 | Depths:3 | You paid a toll of a +8 demon whip to enter a treasure
                  | trove
 63659 | Trove    | Entered a treasure trove
 63692 | Trove    | Reached XP level 26. HP: 227/227 MP: 39/39
 63693 | Trove    | Identified the ring "Zaumucir" {rPois rN+ Int+6}
 63725 | Trove    | Got the Vellum of Parts Unknown
 64058 | Depths:3 | Found Plog's Jewellery Shoppe.
 64059 | Depths:3 | Found Ucusatul's Book Boutique.
 64059 | Depths:3 | Found Qigest's Book Boutique.
 64067 | Depths:3 | Bought Sif Muna's Spellbook of the Jaunt for 874 gold
                  | pieces
 64067 | Depths:3 | Bought a book of Transfigurations for 760 gold pieces
 64075 | Depths:3 | Learned a level 4 spell: Passage of Golubria
 64081 | Depths:3 | Learned a level 5 spell: Irradiate
 64125 | Depths:3 | Found a runed translucent door.
 64127 | Depths:3 | Noticed a dread lich
 64133 | Depths:3 | Killed a dread lich
 64157 | Depths:3 | Identified the amulet "Qapnufat" {Contam Regen+ Str+2 Int+3
                  | Dex+4}
 64217 | Depths:3 | Found a one-way gateway to a ziggurat.
 64416 | Depths:4 | Entered Level 4 of the Depths
 64700 | Depths:4 | Found an iron altar of Okawaru.
 65032 | Depths:4 | Found a gate to the Realm of Zot.
 65793 | Zot:1    | Entered Level 1 of the Realm of Zot
 66113 | Zot:1    | Gained mutation: You are clumsy. (Dex -2) [mutagenic glow]
 66218 | Zot:1    | Reached XP level 27. HP: 237/237 MP: 40/40
 66992 | Zot:1    | Got Sif Muna's Anthology of the Sky and the Salvo
 67146 | Zot:1    | Reached skill level 15 in Dodging
 67249 | Zot:1    | Reached skill level 24 in Unarmed Combat
 68240 | Zot:2    | Reached skill level 15 in Translocations
 68336 | Zot:2    | Lost mutation: You are clumsy. (Dex -2) [potion of
                  | mutation]
 68336 | Zot:2    | Gained mutation: You are agile. (Dex +4, Str/Int -1)
                  | [potion of mutation]
 68336 | Zot:2    | Gained mutation: You have an increased reservoir of magic.
                  | (+10% MP) [potion of mutation]
 68450 | Zot:2    | Identified the +2 ring mail of Zin's Anger {rF+ Int+4 Dex-3
                  | Slay+2}
 68943 | Zot:2    | Noticed Vv
 68952 | Zot:2    | Killed Vv
 69280 | Zot:3    | Learned a level 1 spell: Apportation
 69300 | Zot:3    | Found Tecuasal's Changing Room.
 69426 | Zot:3    | You are sucked into a shaft and drop 1 floor!
 69434 | Zot:4    | Noticed an orb of fire
 69440 | Zot:4    | Gained mutation: You occasionally lose the ability to drink
                  | potions when taking damage. [an orb of fire]
 69441 | Zot:4    | Killed an orb of fire
 70363 | Zot:4    | Identified the ring of Omudin {rN+++ Str+6 Int+10 Dex-2
                  | Slay-3}
 71042 | Zot:4    | Identified the +0 ring mail "Owalideta" {*Slow Str+3 Dex+3}
 71194 | Zot:4    | Found a runed translucent door.
 71284 | Zot:4    | Noticed Gupaxyh's ghost (veteran TrCA)
 71300 | Zot:4    | Killed Gupaxyh's ghost
 71347 | Zot:5    | Entered Level 5 of the Realm of Zot
 71573 | Zot:5    | Noticed an orb of fire
 71578 | Zot:5    | Killed an orb of fire
 71973 | Zot:5    | Identified the +7 short sword of the Freezing Augurer
                  | {speed, rElec SInv}
 71985 | Zot:5    | Noticed a dread lich
 71997 | Zot:5    | Killed a dread lich
 72094 | Zot:5    | Noticed an ancient lich
 72102 | Zot:5    | Killed an ancient lich
 72103 | Zot:5    | Reached skill level 10 in Evocations
 72104 | Zot:5    | Noticed an ancient lich
 72104 | Zot:5    | Noticed an orb of fire
 72105 | Zot:5    | Noticed an ancient lich
 72106 | Zot:5    | Noticed an orb of fire
 72112 | Zot:5    | Gained mutation: You are frail. (-10% HP) [an orb of fire]
 72113 | Zot:5    | Killed an orb of fire
 72117 | Zot:5    | Killed an ancient lich
 72118 | Zot:5    | Reached skill level 25 in Unarmed Combat
 72119 | Zot:5    | Killed an ancient lich
 72125 | Zot:5    | Killed an orb of fire
 72148 | Zot:5    | Noticed an orb of fire
 72149 | Zot:5    | Gained mutation: You occasionally shout uncontrollably at
                  | your foes. [an orb of fire]
 72156 | Zot:5    | Killed an orb of fire
 72530 | Zot:5    | Noticed a dread lich
 72535 | Zot:5    | Killed a dread lich
 72562 | Zot:5    | Noticed an orb of fire
 72567 | Zot:5    | Killed an orb of fire
 72838 | Zot:5    | Noticed an ancient lich
 72843 | Zot:5    | Killed an ancient lich
 73416 | Tomb:1   | Entered Level 1 of the Tomb of the Ancients
 73659 | Tomb:1   | Identified the +3 buckler of the Shoals {rF+ Str+2}
 73837 | Tomb:1   | Noticed a royal mummy
 73839 | Tomb:1   | Killed a royal mummy
 73840 | Tomb:1   | Noticed a royal mummy
 73845 | Tomb:1   | Paralysed by a Zot trap for 3 turns
 73845 | Tomb:1   | Noticed a royal mummy
 73890 | Tomb:1   | Reached skill level 26 in Unarmed Combat
 73890 | Tomb:1   | Killed a royal mummy
 74158 | Tomb:1   | Killed a royal mummy
 74479 | Tomb:2   | Noticed a royal mummy
 74480 | Tomb:2   | Noticed a royal mummy
 74482 | Tomb:2   | Noticed a royal mummy
 74482 | Tomb:2   | Noticed a royal mummy
 74488 | Tomb:2   | Killed a royal mummy
 74508 | Tomb:2   | Killed a royal mummy
 74509 | Tomb:2   | Killed a royal mummy
 74509 | Tomb:2   | HP: 5/293 [guardian mummy/+0 whip (11)]
 74519 | Tomb:2   | Killed a royal mummy
 74670 | Tomb:2   | Gained mutation: You have hidden genetic defects.
                  | [mutagenic glow]
 74671 | Tomb:2   | Lost mutation: You occasionally lose the ability to drink
                  | potions when taking damage. [potion of mutation]
 74671 | Tomb:2   | Lost mutation: You are frail. (-10% HP) [potion of
                  | mutation]
 74671 | Tomb:2   | Lost mutation: You have hidden genetic defects. [potion of
                  | mutation]
 74671 | Tomb:2   | Gained mutation: Your system is resistant to poisons.
                  | (rPois) [potion of mutation]
 74679 | Tomb:2   | Gained mutation: You are strong-willed. (Will+) [mutagenic
                  | glow]
 75306 | Tomb:3   | Entered Level 3 of the Tomb of the Ancients
 75336 | Tomb:3   | Noticed a royal mummy
 75341 | Tomb:3   | Noticed a royal mummy
 75348 | Tomb:3   | Noticed a royal mummy
 75383 | Tomb:3   | Noticed a royal mummy
 75391 | Tomb:3   | Noticed a royal mummy
 75395 | Tomb:3   | Killed a royal mummy
 75409 | Tomb:3   | Noticed a royal mummy
 75412 | Tomb:3   | Noticed a royal mummy
 75413 | Tomb:3   | Killed a royal mummy
 75438 | Tomb:3   | Noticed a royal mummy
 75446 | Tomb:3   | Noticed a royal mummy
 75460 | Tomb:3   | Killed a royal mummy
 75464 | Tomb:3   | Killed a royal mummy
 75468 | Tomb:3   | Killed a royal mummy
 75476 | Tomb:3   | HP: 13/326 [royal mummy/divine providence (13)]
 75484 | Tomb:3   | Killed a royal mummy
 75488 | Tomb:3   | Killed a royal mummy
 75496 | Tomb:3   | Killed a royal mummy
 75503 | Tomb:3   | Killed a royal mummy
 75787 | Tomb:3   | Identified the +8 glaive "Jelly's Death Toll" {pain, *Rage
                  | Dex+7}
 75817 | Tomb:3   | Identified the +0 buckler of Levity {Stlth+}
 75968 | Tomb:3   | Got a golden rune of Zot
 75990 | Tomb:3   | Found the +7 staff of the Meek {protect, meekguard}
 76021 | Tomb:3   | Identified the ring "Langeq" {rPois rCorr Dex+4 SInv}
 76065 | Tomb:3   | Identified the +0 plate armour "Velux" {Harm Dex+4}
 76073 | Tomb:3   | Identified the +1 robe of the Three Violins {Dex+4}
 76075 | Tomb:3   | Identified the ring "Oscha" {rF+ Will+ Str+4 Int+2}
 76692 | Hell     | Entered the Vestibule of Hell
 76692 | Hell     | Noticed Geryon
 76699 | Hell     | Killed Geryon
 76703 | Hell     | Noticed Murray
 76715 | Hell     | Killed Murray
 76855 | Hell     | Found a gateway to the ashen valley of Gehenna.
 76861 | Hell     | Reached skill level 27 in Unarmed Combat
 76967 | Depths:1 | Learned a level 7 spell: Storm Form
 77400 | Zig:1    | Entered Level 1 of a ziggurat
 77412 | Zig:1    | Identified the +4 helmet of Insurance {Will+ Str+2}
 77415 | Zig:2    | Entered Level 2 of a ziggurat
 77415 | Zig:2    | Found the +8 orange crystal plate armour {Archmagi, Int+3
                  | Clar}
 77475 | Zig:3    | Entered Level 3 of a ziggurat
 77556 | Zig:3    | Identified the +10 falchion "Ubebe" {holy, rPois rCorr
                  | Int+2}
 77568 | Zig:4    | Entered Level 4 of a ziggurat
 77641 | Zig:4    | Identified the ring "Uqosyaw" {Ice rN+ Will+}
 77664 | Zig:5    | Entered Level 5 of a ziggurat
 77733 | Zig:5    | Got the Precepts of Hazy Bolts
 77759 | Zig:6    | Entered Level 6 of a ziggurat
 77836 | Zig:7    | Entered Level 7 of a ziggurat
 77929 | Zig:8    | Entered Level 8 of a ziggurat
 78018 | Zig:8    | Identified the +7 battleaxe "Nuipilol" {pain, rElec}
 78172 | Zig:9    | Entered Level 9 of a ziggurat
 78208 | Zig:9    | Identified the +4 dagger of Kismet {freeze, rF+}
 78227 | Zig:9    | Identified the ring of Wooruy {rCorr MP+9 Dex+2}
 78276 | Zig:10   | Entered Level 10 of a ziggurat
 78395 | Zig:11   | Entered Level 11 of a ziggurat
 78533 | Zig:11   | Identified the ring "Sinuu" {rPois rF+ rCorr Slay+3 SInv}
 78592 | Zig:12   | Entered Level 12 of a ziggurat
 78797 | Zig:13   | Entered Level 13 of a ziggurat
 78826 | Zig:13   | Reached skill level 10 in Ice Magic
 78990 | Zig:13   | Found the +5 demon whip "Spellbinder" {antimagic, Will+}
 79006 | Zig:13   | Identified the +10 trident of Dissatisfaction {drain, rCorr
                  | Int+9 Stlth-}
 79020 | Zig:14   | Entered Level 14 of a ziggurat
 79035 | Zig:14   | Noticed a dread lich
 79043 | Zig:14   | Noticed an ancient lich
 79047 | Zig:14   | Killed a dread lich
 79071 | Zig:14   | Killed an ancient lich
 79225 | Zig:14   | Identified the +4 flail "Eranauw" {freeze, rN+}
 79227 | Zig:14   | Identified the ring "Heoc" {Contam rCorr Str+6 Int+4 Dex+7}
 79239 | Zig:15   | Entered Level 15 of a ziggurat
 79266 | Zig:15   | Reached skill level 15 in Spellcasting
 79266 | Zig:15   | Noticed an ancient lich
 79284 | Zig:15   | Killed an ancient lich
 79467 | Zig:15   | Identified the amulet "Osor" {Faith rF- Str+10 Dex+9}
 79475 | Zig:15   | Identified the +7 dagger of Toisaer {vamp, rN+++ Will+
                  | rCorr Str-2 Dex-5}
 79479 | Zig:15   | Identified the +9 great mace "Waow Xio" {vorpal, Str-4
                  | Dex+7}
 79523 | Zig:16   | Entered Level 16 of a ziggurat
 79790 | Zig:16   | Got the Catalogue of Fog
 79795 | Zig:16   | Identified the +9 flail "Ifasir" {distort, Dex+3}
 79807 | Zig:17   | Entered Level 17 of a ziggurat
 80027 | Zig:17   | Identified the +0 pair of boots of the Bull {Will+++ Str+5
                  | Dex-5}
 80030 | Zig:17   | Identified the +4 scimitar of Eronaubu {vorpal, *Noise rF++
                  | Str+2 Dex+3}
 80049 | Zig:17   | Identified the ring of Nuital {rC+ Int+6}
 80054 | Zig:17   | Reached skill level 15 in Ice Magic
 80073 | Zig:17   | Learned a level 7 spell: Ozocubu's Refrigeration
 80090 | Zig:18   | Entered Level 18 of a ziggurat
 80418 | Zig:19   | Entered Level 19 of a ziggurat
 80453 | Zig:19   | Noticed Tinuziur the pandemonium lord
 80457 | Zig:19   | Noticed Behia the pandemonium lord
 80460 | Zig:19   | Noticed Dar Awor the pandemonium lord
 80460 | Zig:19   | Killed Tinuziur the pandemonium lord
 80460 | Zig:19   | Noticed Zomniec the pandemonium lord
 80460 | Zig:19   | Noticed Ekhaixo the pandemonium lord
 80461 | Zig:19   | Noticed Fuun the pandemonium lord
 80466 | Abyss:4  | Cast into level 4 of the Abyss (Zomniec)
 80483 | Abyss:4  | Found a runed translucent door.
 80623 | Zig:19   | Escaped the Abyss
 80627 | Zig:19   | Noticed Wedomareym the pandemonium lord
 80628 | Zig:19   | Noticed Wullucep the pandemonium lord
 80644 | Zig:19   | HP: 1/330 [Fuun the pandemonium lord (26)]
 80644 | Zig:19   | Slain by a cacodemon

Illustrated notes

Levels and vault maps discovered:
D:1:      saegor_arrival_simple_d, layout_rooms,
          dreamdust_ecumenical_altar_statues, dk_noncrumbling_4
D:2:      layout_loops_ring, uniq_crazy_yiuf_cottage
D:3:      layout_basic, mainiacjoe_overflow_concentric_impassable, serial_shops,
          nicolae_shop_crystal, hangedman_decor_push, minmay_liquid_box,
          chequers_big_river
D:4:      layout_rooms, minmay_temple_entry_from_below_b, serial_corexii_hall,
          chequers_hall_statues_wall_a, chequers_hall_statues_y,
          grunt_decor_arrowhead
D:5:      layout_cave_pods, amcnicky_altar_gilded, general_overflow_altar,
          chequers_temple_overflow_minitemple, grunt_temple_overflow_bloody_war,
          portal_sewer_entry_e, uniq_blork_the_orc, uniq_ijyb, uniq_menkaure
D:6:      layout_loops_ring, tgw_xom, serial_shops, shop,
          chequers_serial_rivers_micro_a, minmay_a_box_with_orc_wizards_in_it,
          uniq_eustachio
D:7:      layout_loops_ring, evilmike_ruin_ashenzari
D:8:      layout_loops_ring, amcnicky_mini_pool_medium
D:9:      minmay_chopped_fan, layout_rooms, due_lair_maze_entry_diamond,
          minmay_misc_feat_nine_boxes, chequers_arboretum, uniq_grum
D:10:     layout_basic, muffindrake_ghost_dual_entry, st_stairs_8, uniq_maurice,
          uniq_josephine
D:11:     layout_rooms, serial_shops, shop, uniq_harold, uniq_sonja
D:12:     layout_loops_ring, amcnicky_mini_rare_corridor_liquid
D:13:     layout_grid_maze, lightli_vaults_fourway_checkpoint,
          gammafunk_ghost_cemetery
D:14:     layout_cave_pools, hangedman_decor_riveting,
          nicolae_qazlal_eye_of_the_storm
D:15:     hangedman_depths_entry_civil_slaughter, layout_stronghold,
          nemelex_spade_bored_becter
Lair:1:   layout_cave_pods, basic_altar, minmay_hedge_maze
Lair:2:   layout_gridlike, elwin_shoals_entry_rocks,
          spider_nest_entry_web_field, grunt_megastairs_1
Lair:3:   layout_loops_ring, lemuel_fruit_tree, serial_bayou_shore_a
Lair:4:   layout_cave_shapes, dpeg_slime_entry_enclosed,
          chequers_serial_rivers_room_a
Lair:5:   due_jungle_book, layout_regular_city, grunt_megastairs_2,
          infiniplex_staircase_pool_2
Shoals:1: layout_shoals
Shoals:2: layout_shoals, nicolae_shoals_land_atoll
Shoals:3: layout_shoals, uniq_mlioglotl
Shoals:4: shoals_end_hellmonk_storm_palace [storm_palace_center_circular,
          storm_palace_corner_reverse_hut, storm_palace_corner_altar,
          storm_palace_corner_pillars, storm_palace_corner_narrow], uniq_aizul
Spider:1: layout_spider_delve
Spider:2: layout_cave_pods, hangedman_stitches_earthworm,
          hangedman_spider_tarantella_strand
Spider:3: layout_spider_delve, ebering_ghost_reflecting_pool, uniq_mara
Spider:4: spider_rune_water, nicolae_spider_bzzzt
Slime:1:  layout_caves
Slime:2:  layout_caves, cheibrodos_slime_lost_civilization_5
Slime:3:  cheibrodos_slime_lost_civilization_8, layout_caves
Slime:4:  layout_caves
Slime:5
Orc:1:    layout_caves
Orc:2:    st_orc_mages, layout_caves, elves_outpost_lemuel
Elf:1:    eino_elf_arrival_shootout, layout_loops_corners,
          minmay_elf_crystal_heptagon
Elf:2:    nicolae_elf_blades_crystal_corner, layout_geoelf_grid, serial_shops,
          bzr_firewalk
Elf:3:    minmay_elf_hall_dome, layout_gridlike, serial_shops,
          nicolae_shop_crystal, hangedman_elven_ridges, grunt_megastairs_4
Vaults:1: nicolae_vaults_hallways_thing, v_alt_pattern_6,
          nicolae_vaults_specimen_jars, serial_ice_m, v_misc_25,
          hangedman_vaults_river_flow, v_rooms_1, grunt_tower_of_power,
          hangedman_vaults_trim, vaults_mumra_hex, layout_vaults_chaotic_city
Vaults:2: gammafunk_dig_for_victory, v_misc_24, grunt_vaults_bifocal,
          minmay_crypt_entry_necro_gods, grunt_vaults_diagonal,
          hangedman_vaults_snaps, vaults_room_corners, vaults_standard_mumra_x,
          nicolae_vaults_little_squares_1, nicolae_vaults_little_squares_3,
          ontoclasm_vaults_eye, v_misc_12, vaults_dpeg_cross,
          vaults_room_hallway, v_alt_pattern_2, vaults_room_hallway,
          vaults_room_semicircle, layout_vaults_omnibox, serial_shops, shop
Vaults:3: mu_enter_wizlab_3, nicolae_vaults_big_ls, vaults_mumra_lcd,
          hangedman_vaults_trim, hangedman_vaults_stretched_pinwheel,
          vaults_room_large_hall, vaults_room_corners,
          nicolae_vaults_yaktaur_gun_rack, layout_vaults_quadrants, uniq_nikola,
          uniq_frederick, uniq_sojobo
Vaults:4: st_greater_box_5, vaults_dpeg_ring, v_misc_25, hangedman_vaults_nails,
          nicolae_vaults_three_branches, v_misc_9, nicolae_vaults_theta,
          nicolae_vaults_asterisk, layout_vaults_omnicross, serial_shops, shop
Vaults:5: uniq_jory
Crypt:1:  layout_regular_city, minmay_misc_feat_cross, amcnicky_mini_pool_small,
          glass_columns_b
Crypt:2:  layout_catacombs, serial_glass, glass_columns_a, glass_columns_a,
          lemuel_upstairs_altar
Crypt:3:  quadcrypt_mu, uniq_grunn
Tomb:1
Tomb:2
Tomb:3
Depths:1: layout_cross, hell_entry, nicolae_uskayaw_murder_on_the_dancefloor,
          chequers_serial_rivers_micro_a, st_stairs_13,
          chequers_serial_rivers_small_a, nicolae_ru_great_annihilating_truth,
          minmay_shoptagon
Depths:2: nicolae_hexawheel, layout_cave_pools, rand_demon_pan_entry_9,
          hell_entry, kennysheep_kite_vault
Depths:3: minmay_gate_of_8, layout_gridlike, enter_ziggurat_a, abyss_entry,
          hell_entry, nicolae_trove_entry_free_sample, minmay_misc_feat_encased,
          grunt_pan_entry_sceptre, small_statue_intersection, minmay_shop_grove,
          uniq_josephina, uniq_parghit
Depths:4: grunt_zot_entry_gee_three, layout_cave_shapes, hell_entry,
          abyss_entry, chequers_jeans, grunt_ministairs_4,
          okawaru_ov_weapons_minmay
Hell
Zot:1:    infiniplex_zot_generator, layout_cathedral_of_symmetry
Zot:2:    layout_gridville, st_stairs_3, grunt_megastairs_5, uniq_vv
Zot:3:    layout_basic, nicolae_transmutations_shop
Zot:4:    kennysheep_oblong_rooms, layout_onion_interference,
          gammafunk_ghost_grave, st_stairs_4
Zot:5:    layout_twisted_circle, st_stairs_13, hangedman_zot_decor_scrapings,
          grunt_ministairs_9
Zig:19:   ziggurat_pillar_abc, ziggurat_pillar_abc, ziggurat_pillar_abc,
          ziggurat_pillar_abc

Skill      XL: |  1  2  3  4  5  6  7  8  9 10 11 12 13 14 15 16 17 18 19 20 21 22 23 24 25 26 27 |
---------------+----------------------------------------------------------------------------------+-----
Transmutations | 3 4 5 6 8 9 10 11 12 13 14 15 16 18 | 18.0
Fighting       | 2 3 4 5 6 8 10 11 12 13 14 15 16 17 18 19 24 | 24.0
Dodging        | 2 4 6 7 8 9 10 11 12 13 14 18 | 18.0
Ice Magic      | 2 3 5 6 17 | 17.5
Evocations     | 1 3 5 6 7 8 13 | 13.2
Spellcasting   | 3 4 6 7 8 9 10 11 12 13 15 | 15.0
Armour         | 2 |  2.0
Unarmed Combat | 5 10 11 13 14 15 16 18 19 20 21 22 23 27 | 27.0
Translocations | 3 4 5 6 8 9 11 13 14 16 | 16.0
Air Magic      | 1 3 5 6 |  6.0
Earth Magic    | 4 9 10 11 12 13 14 15 16 17 18 20 | 20.0
Hexes          | 3 4 5 6 7 8 |  8.0

Action                   |  1- 3 |  4- 6 |  7- 9 | 10-12 | 13-15 | 16-18 | 19-21 | 22-24 | 25-27 || total
-------------------------+-------+-------+-------+-------+-------+-------+-------+-------+-------++-------
Melee: Unarmed           |    21 |       |   137 |   404 |   819 |   942 |   544 |  1108 |  2140 ||  6115
       Kick              |    15 |    26 |    36 |       |       |       |       |       |       ||    77
       Headbutt          |     7 |    13 |    20 |       |       |       |       |       |       ||    40
       Dagger            |    77 |   109 |    72 |       |       |       |       |       |       ||   258
       Tailslap          |     8 |    10 |    16 |       |     1 |   146 |   129 |   220 |   323 ||   853
       Punch             |       |     5 |     2 |       |     1 |    59 |    82 |   160 |   270 ||   579
       Whip              |       |       |    52 |       |       |       |       |       |       ||    52
       Sling             |       |       |       |       |     4 |     2 |       |       |       ||     6
       Mace              |       |       |       |       |       |     3 |       |       |       ||     3
 Fire: Sling             |       |       |    59 |    94 |   316 |    87 |       |       |       ||   556
Throw: Dart              |       |       |       |     4 |       |       |       |       |       ||     4
 Cast: Beastly Appendage |    19 |    18 |    20 |       |     1 |       |       |       |       ||    58
       Wereblood         |     4 |     3 |    17 |    13 |    38 |    22 |     8 |    19 |    49 ||   173
       Ice Form          |       |       |    19 |    39 |    93 |    23 |       |       |       ||   174
       Statue Form       |       |       |       |       |       |    76 |    49 |   114 |   133 ||   372
       Leda's Liquefacti |       |       |       |       |       |    10 |    10 |    12 |    12 ||    44
       Lee's Rapid Decon |       |       |       |       |       |     3 |    13 |    22 |       ||    38
       Passwall          |       |       |       |       |       |       |    17 |       |       ||    17
       Manifold Assault  |       |       |       |       |       |       |       |    70 |   261 ||   331
       Dispersal         |       |       |       |       |       |       |       |     2 |     1 ||     3
       Silence           |       |       |       |       |       |       |       |       |     3 ||     3
       Irradiate         |       |       |       |       |       |       |       |       |    26 ||    26
       Yara's Violent Un |       |       |       |       |       |       |       |       |     8 ||     8
       Blink             |       |       |       |       |       |       |       |       |     7 ||     7
       Apportation       |       |       |       |       |       |       |       |       |     3 ||     3
       Passage of Golubr |       |       |       |       |       |       |       |       |     1 ||     1
       Storm Form        |       |       |       |       |       |       |       |       |     1 ||     1
Invok: Potion Petition   |       |       |       |     2 |     8 |     2 |     3 |     4 |    25 ||    44
       Call Merchant     |       |       |       |       |     1 |     3 |       |     1 |       ||     5
       Bribe Branch      |       |       |       |       |       |       |       |     1 |       ||     1
 Abil: Rolling Charge    |    29 |    32 |    30 |       |     4 |   188 |   104 |   309 |   371 ||  1067
       End Transformatio |       |       |     2 |     3 |    32 |     9 |     4 |     7 |    11 ||    68
Evoke: Wand              |       |     3 |     2 |     7 |       |     3 |     2 |       |     4 ||    21
       Lightning rod     |       |       |       |     4 |     4 |       |       |       |       ||     8
       Tin of tremorston |       |       |       |     2 |     5 |     3 |       |     1 |     7 ||    18
       Phial of floods   |       |       |       |       |       |     2 |       |       |     1 ||     3
       Phantom mirror    |       |       |       |       |       |     1 |       |       |     2 ||     3
       Horn of Geryon    |       |       |       |       |       |       |       |       |     2 ||     2
       Box of beasts     |       |       |       |       |       |       |       |       |     2 ||     2
       Figurine of a zig |       |       |       |       |       |       |       |       |     1 ||     1
       Condenser vane    |       |       |       |       |       |       |       |       |     1 ||     1
  Use: Scroll            |       |     6 |       |     3 |    14 |     2 |     3 |    10 |    22 ||    60
       Potion            |       |       |       |       |     4 |     5 |     9 |     5 |    29 ||    52
 Stab: Paralysed         |       |     5 |     3 |     2 |       |     3 |       |     1 |       ||    14
       Distracted        |       |       |     1 |     3 |     3 |     8 |     8 |     8 |    14 ||    45
       Petrified         |       |       |       |       |     3 |       |       |       |       ||     3
       Invisible         |       |       |       |       |     3 |       |       |       |     4 ||     7
Armor: Robe              |    32 |    33 |    50 |     6 |    28 |    40 |     1 |     1 |    57 ||   248
       Skin              |       |       |    38 |   114 |   291 |   833 |   353 |   424 |   895 ||  2948
Dodge: Dodged            |    37 |    37 |   114 |   206 |   389 |   937 |   523 |   668 |  1386 ||  4297
       Repelled          |       |       |       |       |       |    15 |     4 |    14 |    27 ||    60
Block: Buckler           |       |       |       |       |     6 |    40 |       |       |       ||    46
